 Dungeon Sprint DCSS version 0.30-a0-465-g8901f6c8b5 (webtiles) character file.

Game seed: 11101323078004130181

33 NinjaNoafa the Skirmisher (level 6, 0/55 HPs)
             Began as a Formicid Hunter on Dec 18, 2022.
             Was a Priest of Vehumet.
             Slain by a wolf (6 damage)
             ... in the Dungeon (Sprint VI: "Thunderdome").
             The game lasted 00:05:36 (404 turns).

NinjaNoafa the Skirmisher (Formicid Hunter)          Turns: 404, Time: 00:05:37

Health: 0/55       AC:  4    Str: 15    XL:     6   Next: 44%
Magic:  6/6        EV: 15    Int: 11    God:    Vehumet [***...]
Gold:   140        SH:  0    Dex: 19    Spells: 5/5 levels left

rFire   + . .      SeeInvis +    a - +0 shortbow
rCold   . . .      Faith    +    (no shield)
rNeg    + . .      Spirit   .    o - +0 troll leather armour {Pargi}
rPois   .          Reflect  .    (helmet unavailable)
rElec   .          Harm     .    (no cloak)
rCorr   .          Rampage  .    (no gloves)
Will    .....                    (no boots)
Stlth   +++.......               m - amulet "Ymisti" {Faith Int+2 Stlth+}
HPRegen 1.09/turn                n - ring "Biri" {Wiz rF+ rN+}
MPRegen 0.10/turn                (no ring)

@: no status effects
A: permanent stasis, dig shafts and tunnels, antennae 3, four strong arms
a: Dig, Renounce Religion


You were in the Dungeon.
You worshipped Vehumet.
Vehumet was most pleased with you.
You visited 1 branch You collected 250 gold pieces.
You spent 110 gold pieces at shops.

Inventory:

Hand Weapons
 a - a +0 shortbow (weapon)
Armour
 o - a +0 troll leather armour (worn) {Pargi}
Jewellery
 m - the amulet "Ymisti" (around neck) {Faith Int+2 Stlth+}
   (You bought it in a shop in the Dungeon)

   [amulet of faith]

   It allows you to gain divine favour quickly.
   Int:       It affects your intelligence (+2).
   Stlth:     It makes you more stealthy.
 n - the ring "Biri" (left hand) {Wiz rF+ rN+}
   (You bought it in a shop in the Dungeon)

   [ring of wizardry]

   It improves your spell success rate.
   rF:        It protects you from fire.
   rN:        It protects you from negative energy.
Wands
 h - a wand of quicksilver (2)
 i - a wand of iceblast (2)
Scrolls
 k - 3 scrolls of fog
Potions
 d - a potion of curing
 e - 4 potions of heal wounds
 f - 2 potions of magic
 g - a potion of resistance
 j - 2 potions of haste


   Skills:
 + Level 7.1 Fighting
 * Level 9.7 Ranged Weapons
 + Level 5.9 Dodging
 - Level 1.2 Stealth


You had 5 spell levels left.
You didn't know any spells.
Your spell library was empty.

Dungeon Overview and Level Annotations

Branches:
Dungeon (1/1)

Altars:
Cheibriados
Dithmenos
Fedhas
Gozag
Kikubaaqudgha
Makhleb
Okawaru
Qazlal
Ru
Sif Muna
Trog
Uskayaw
Vehumet
Wu Jian
Xom
Yredelemnul
Zin
The Shining One
Lugonu

Shops:
D *[??*?*:[((!!!!


Innate Abilities, Weirdness & Mutations

You cannot be hasted, slowed, berserked, paralysed or teleported.
You can dig through walls and to a lower floor.
You have a pair of large antennae on your head. (SInv)
Your four strong arms can wield two-handed weapons with a shield.


Message History

A wolf comes into view.
You shoot an arrow. The wolf howls!
The arrow hits the wolf!
The wolf is moderately wounded.
A wolf comes into view.
A hound comes into view.
You shoot an arrow. The arrow misses the wolf.
The wolf howls!
A wolf comes into view. x2
The wolf barely misses you. The wolf closely misses you. The wolf bites you!
The wolf attacks as you move away! The wolf closely misses you.
The wolf misses you.
You shoot an arrow. The wolf howls!
The arrow hits the wolf but does no damage.
The wolf is moderately wounded.
The wolf closely misses you. The wolf misses you. The wolf bites you.
The wolf attacks as you move away! The wolf closely misses you.
The wolf bites you! The wolf misses you. The wolf attacks as you move away!
The wolf misses you. The wolf barely misses you.
The wolf attacks as you move away! The wolf completely misses you.
The wolf barely misses you.
Okay, then.
The wolf attacks as you move away! The wolf closely misses you.
The wolf bites you.
Really read the scroll of immolation?
As you read the scroll of immolation, it crumbles to dust.
The creatures around you are filled with an inner flame!
The wolf bites you! x2; The wolf completely misses you.
The wolf misses you.
It was a potion of haste.
Your stasis prevents you from being hasted.
The wolf barely misses you. The wolf bites you!
* * * LOW HITPOINT WARNING * * *
The wolf bites you but does no damage. The wolf bites you.
* * * LOW HITPOINT WARNING * * *
The wolf bites you.
You die...

###.........###
#⌠...........§#
######.8.........8.#####
##.___......###..)...._.∩
###∩........8.# #.8........
##.............###..........
#⌠........h.###...###.......
#⌠......†hhh# #.<.# #.......
#⌠........h@###...###.......
##...†....†[...###..........
###∩........8.# #.8........
##∩___......###......___∩
######.8.........8.#####
#⌠...........⌠#
###.........### #_.÷....._#
#_........#


You could see 4 wolves and a hound (inner flame).

Vanquished Creatures
  Sigmund (D)
  Pargi (D)
  An adder (D)
  A river rat (D)
  A kobold (D)
  A quokka (D)
  4 rats (D)
10 creatures vanquished.

Notes
Turn   | Place    | Note
-------+----------+-------------------------------------------
     0 | D        | NinjaNoafa the Formicid Hunter began the quest for the Orb.
     0 | D        | Reached XP level 1. HP: 16/16 MP: 1/1
     2 | D        | Found a basalt altar of Yredelemnul.
     2 | D        | Found an iron altar of Okawaru.
     3 | D        | Found an opulent altar of Gozag.
     3 | D        | Found an ornate altar of the Wu Jian Council.
     4 | D        | Found a sacrificial altar of Ru.
     4 | D        | Found a glowing silver altar of Zin.
     4 | D        | Found Qasogomich's Staff Store.
     4 | D        | Found Zezikhe's Magic Scroll Shop.
     5 | D        | Found Toretej's Must-Have Magic.
     5 | D        | Found Vukeu's Magic Scroll Shop.
     5 | D        | Round 1.
    30 | D        | Found an ancient bone altar of Kikubaaqudgha.
    33 | D        | Found a blossoming altar of Fedhas.
    33 | D        | Found Wytteceu's Jewellery.
    33 | D        | Noticed Sigmund
    34 | D        | Found Omoa's Advanced Armour.
    35 | D        | Found a corrupted altar of Lugonu.
    35 | D        | Found a stormy altar of Qazlal.
    35 | D        | Found a shimmering blue altar of Sif Muna.
    35 | D        | Found Dyrphobid's Identification Station.
    39 | D        | Killed Sigmund
    40 | D        | Reached skill level 5 in Fighting
    40 | D        | Reached skill level 8 in Ranged Weapons
    40 | D        | Reached XP level 2. HP: 19/28 MP: 2/2
    40 | D        | Reached XP level 3. HP: 23/34 MP: 3/3
    40 | D        | Reached XP level 4. HP: 27/40 MP: 4/4
    40 | D        | Reached XP level 5. HP: 31/46 MP: 5/5
    47 | D        | Bought a vibrating ivory amulet for 45 gold pieces
    47 | D        | Identified the amulet "Ymisti" {Faith Int+2 Stlth+} (You
                  | bought it in a shop in the Dungeon)
    54 | D        | Bought an ancient tin ring for 45 gold pieces
    54 | D        | Identified the ring "Biri" {Wiz rF+ rN+} (You bought it in
                  | a shop in the Dungeon)
    59 | D        | Found a glowing golden altar of the Shining One.
    60 | D        | Found a radiant altar of Vehumet.
    61 | D        | Found a snail-covered altar of Cheibriados.
    62 | D        | Found Daonopn's Premium Goods.
    63 | D        | Found a bloodstained altar of Trog.
    63 | D        | Found a hide-covered altar of Uskayaw.
    63 | D        | Found Baexegug's Weapon Rack.
    63 | D        | Found Fuutann's Miscellaneous Merchandise.
    63 | D        | Found Ublif's Basic Armour.
    68 | D        | Became a worshipper of Vehumet
    89 | D        | Reached skill level 5 in Dodging
    90 | D        | Found a shimmering altar of Xom.
   136 | D        | Found a burning altar of Makhleb.
   136 | D        | Found a shadowy altar of Dithmenos.
   136 | D        | Found Qobbadef's Do-It-Yourself Clinic.
   136 | D        | Found Toeffiot's Bottled Wisdom.
   137 | D        | Found Putiof's Distillery.
   143 | D        | Found Zyuzoali's Distillery.
   155 | D        | Reached * piety under Vehumet
   155 | D        | Offered knowledge of Magic Dart by Vehumet.
   185 | D        | Arena points: 5 (+5) [x1]
   200 | D        | Round 2.
   224 | D        | Noticed Pargi
   231 | D        | Reached ** piety under Vehumet
   237 | D        | Killed Pargi
   238 | D        | Reached skill level 9 in Ranged Weapons
   238 | D        | Reached XP level 6. HP: 51/55 MP: 6/6
   268 | D        | Bought a scroll of identify for 20 gold pieces
   313 | D        | Offered knowledge of Static Discharge by Vehumet.
   348 | D        | Reached *** piety under Vehumet
   348 | D        | Arena points: 33 (+28) [x2]
   391 | D        | Round 3.
   392 | D        | Noticed a wolf
   392 | D        | Noticed a wolf
   393 | D        | Noticed a wolf
   394 | D        | Noticed a wolf
   394 | D        | Noticed a wolf
   404 | D        | Slain by a wolf

Illustrated notes

Levels and vault maps discovered:
D:        arena_sprint

Skill      XL: |  1  2  3  4  5 |
---------------+----------------+-----
Fighting       | 5 7 |  7.1
Ranged Weapons | 8 9 |  9.7
Dodging        | 4 5 |  5.9
Stealth        | |  1.2

Action                   |  1- 3 |  4- 6 || total
-------------------------+-------+-------++-------
 Fire: Shortbow          |     1 |    27 ||    28
 Abil: Dig               |     2 |       ||     2
Evoke: Wand              |     2 |     4 ||     6
  Use: Scroll            |       |     2 ||     2
       Potion            |       |     1 ||     1
Armor: Leather armour    |       |     2 ||     2
       Troll leather arm |       |     1 ||     1
Dodge: Dodged            |     1 |    28 ||    29

Table legend: (Time is in decaauts)
 A = Elapsed time spent in this place.
 B = Non-inter-level travel time spent in this place.
 C = Inter-level travel time spent in this place.
 D = Time resting spent in this place.
 E = Time spent auto-exploring this place.
 F = Levels seen in this place.
 G = Mean time per level.
                   A        B        C        D        E       F      G
               +--------+--------+--------+--------+--------+-----+--------+
         Total |    406 |    382 |     24 |    115 |     66 |   1 |  406.0 |
       Dungeon |    406 |    382 |     24 |    115 |     66 |   1 |  406.0 |
               +--------+--------+--------+--------+--------+-----+--------+

Top non-repeatable levels by time:
       D: 406 daAuts
